 Dungeon Crawl Stone Soup version 0.21-a0-404-g291f19a (webtiles) character file.

9156 Laiders the Basher (level 11, -6/88 HPs)
             Began as a Deep Dwarf Fighter on Oct 30, 2017.
             Was a High Priest of Makhleb.
             Mangled by an orc warlord
             ... wielding a +0 battleaxe
              (32 damage)
             ... in a bailey.
             The game lasted 00:33:34 (8674 turns).

Laiders the Basher (Deep Dwarf Fighter)             Turns: 8674, Time: 00:33:35

Health: -6/88      AC: 11    Str: 29    XL:     11   Next: 19%
Magic:  18/18      EV:  7    Int:  8    God:    Makhleb [*****.]
Gold:   529        SH: 11    Dex: 12    Spells: 10/10 levels left

rFire    . . .     SeeInvis .   I - +3 morningstar (curse)
rCold    + . .     Gourm    .   p - +1 shield "Nuamiod" {rN+ MP+9}
rNeg     + . .     Faith    +   B - +1 scale mail {rPois}
rPois    +         Spirit   .   a - +0 helmet
rElec    .         Reflect  .   x - +0 cloak
rCorr    +         Harm     .   (no gloves)
MR       +....                  (no boots)
Stlth    ..........             y - amulet of faith
HPRegen  0.00/turn              F - ring of protection from cold
MPRegen  0.16/turn              v - ring of resist corrosion

@: mighty, non-regenerating
A: damage resistance, heal wounds, sense surroundings 2, no regeneration
a: Heal Wounds, Minor Destruction, Lesser Servant of Makhleb, Major Destruction,
Greater Servant of Makhleb, Renounce Religion


You were in a bailey.
You worshipped Makhleb.
Makhleb was extremely pleased with you.
You were hungry.

You visited 2 branches of the dungeon, and saw 10 of its levels.
You also visited: Sewer and Bailey.

You collected 529 gold pieces.

Inventory:

Hand Weapons
 I - a cursed +3 morningstar (weapon)
 M - a +2 flail of protection
Missiles
 E - 3 tomahawks (quivered)
Armour
 a - a +0 helmet (worn)
 p - the +1 shield "Nuamiod" (worn) {rN+ MP+9}
   (You found it on level 8 of the Dungeon)

   It protects you from negative energy.
   It affects your magic capacity (+9).
 x - a +0 cloak (worn)
 B - a +1 scale mail of poison resistance (worn)
Jewellery
 v - a ring of resist corrosion (right hand)
 y - an amulet of faith (around neck)
 F - a ring of protection from cold (left hand)
Wands
 b - a wand of polymorph (8/24)
 c - a wand of flame (19/48)
 e - a wand of iceblast (7/15)
 j - a wand of iceblast (6/15)
 D - a wand of enslavement (16/24)
Scrolls
 f - a scroll of magic mapping
 g - 7 scrolls of identify
 n - 3 scrolls of enchant weapon {unknown}
 o - 7 scrolls of teleportation
 s - a scroll of fear {unknown}
 t - 4 scrolls of remove curse
 C - a scroll of vulnerability {unknown}
 G - a scroll of enchant armour {unknown}
 H - a scroll of amnesia {unknown}
 K - a scroll of blinking {unknown}
Potions
 h - 2 potions of heal wounds
 i - 2 potions of haste {unknown}
 k - 6 potions of curing
 l - 3 potions of flight
 m - a potion of cancellation {unknown}
 q - 3 potions of brilliance {unknown}
 w - a potion of lignification {unknown}
 J - a potion of magic {unknown}
 N - a potion of resistance {unknown}
Books
 L - a book of Geomancy

   Spells                             Type                      Level
   a - Sandblast                      Earth                        1
   b - Passwall                       Transmutation/Earth          2
   c - Stone Arrow                    Conjuration/Earth            3
   d - Petrify                        Transmutation/Earth          4
   e - Lee's Rapid Deconstruction     Earth                        5
Comestibles
 r - 2 bread rations
 u - 29 fruits
 z - a royal jelly
 A - 4 meat rations


   Skills:
 - Level 2.6 Fighting
 + Level 14.8 Maces & Flails
 + Level 7.1 Armour
 - Level 3.2 Shields
 + Level 7.5 Invocations


You had 10 spell levels left.
You didn't know any spells.

Dungeon Overview and Level Annotations

Branches:
Dungeon (9/15)             Temple (1/1) D:5
   Lair: D:8-11         Orc: D:9-12

Altars:
Ashenzari
Cheibriados
Dithmenos
Elyvilon
Fedhas
Gozag
Hepliaklqana
Kikubaaqudgha
Makhleb
Nemelex Xobeh
Okawaru
Qazlal
Sif Muna
Trog
Uskayaw
Vehumet
Wu Jian
Xom
Yredelemnul
Zin
The Shining One


Innate Abilities, Weirdness & Mutations

You are resistant to damage.
You can heal yourself by infusing magical energy.
You passively map the area around you.
You do not regenerate.


Message History

The orc warlord hits you with a battleaxe.
The orc knight roars a battlecry!
The orc goes into a battle-frenzy!
Your shield prevents you from hitting the orc warlord.
The orc warlord is heavily wounded.
The orc warlord hits you with a battleaxe!
You hit the orc warlord but do no damage.
The orc warlord is heavily wounded.
The orc warrior no longer looks unusually strong.
The orc warlord no longer looks unusually strong.
The orc knight roars a battlecry!
The orcs go into a battle-frenzy!
You sock the orc warlord!
The orc warlord is severely wounded.
The orc warlord hits you with a battleaxe!!!
* * * LOW HITPOINT WARNING * * *
You puncture the orc warlord!
The orc warlord is severely wounded.
The orc warlord hits you with a battleaxe!!
You die...

...... *, , , ...... , , ,
,, ###... , #,, ###.#'#
##.# # ###.....### *#.... *
### ##...).....## ......
##.. #....)...).8##o.....
,#... #....)..)).8#ooo....
#... #∩....⌠....@oooo....
#... #......))..8#ogo....
#... #.....))...8##oo....
#... ##.....)...###o.....
,,###..
###.....###.###....,###.###
###.#)#.....###.###.....#
###)).......###.......)
#...........#........)
#...........#........)


You could see an orc warlord, 3 orc knights, 4 orc warriors, 4 orcs and a
goblin.

Vanquished Creatures
  3 two-headed ogres (D:8)
  The ghost of Barriton the Carver, a novice MiFi of Dithmenos (D:7)
  Pikel (D:4)
  The ghost of Hasart the Cleaver, a novice DsGl (D:6)
  A hippogriff (D:8)
  A yak (D:9)
  Menkaure (D:7)
  8 orc warriors
  A phantom (D:8)
  A sky beast (D:8)
  4 slaves (D:4)
  4 black bears
  A hornet zombie (D:7)
  An ice beast (D:5)
  2 ogres
  2 centaurs
  A crocodile (D:9)
  Blork the orc (D:4)
  A big kobold (D:8)
  9 bullfrogs
  A wyvern zombie (D:7)
  5 scorpions
  A water moccasin skeleton (D:8)
  7 killer bees
  8 wights
  3 howler monkeys
  2 bullfrog zombies
  A centaur zombie (D:8)
  2 crimson imps
  2 orc priests (D:8)
  Crazy Yiuf (D:2)
  2 hounds
  A bullfrog skeleton (D:5)
  A centaur skeleton (D:6)
  5 orc wizards
  Terence (D:2)
  Natasha (thrice) (D:3)
  2 iguanas (D:6)
  Ijyb (D:3)
  10 worker ants
  A hound zombie (D:7)
  A hound skeleton (D:5)
  Robin (D:3)
  14 gnolls
  9 adders
  3 shadow imps
  An ooze (D:1)
  3 worms
  3 dart slugs
  6 leopard geckos
  22 orcs
  9 ball pythons
  11 giant cockroaches
  27 goblins
  22 hobgoblins
  5 jackals
  6 kobolds
  2 quokkas
  9 bats
  6 frilled lizards
  2 leopard gecko skeletons (D:4)
  A quokka skeleton (D:8)
  8 rats
276 creatures vanquished.

Vanquished Creatures (collateral kills)
  An orc knight (Bailey)
  2 orc warriors (Bailey)
  7 gnolls (Bailey)
  3 orcs (Bailey)
  5 goblins (Bailey)
  4 hobgoblins (Bailey)
22 creatures vanquished.

Vanquished Creatures (others)
  13 fungi (D:9)
  6 plants (D:9)
19 creatures vanquished.

Grand Total: 317 creatures vanquished

Notes
Turn   | Place    | Note
-------+----------+-------------------------------------------
     0 | D:1      | Laiders the Deep Dwarf Fighter began the quest for the Orb.
     0 | D:1      | Reached XP level 1. HP: 20/20 MP: 1/1
   124 | D:2      | Reached skill level 3 in Maces & Flails
   124 | D:2      | Reached XP level 2. HP: 21/27 MP: 2/2
   141 | D:2      | Noticed Terence
   150 | D:2      | Killed Terence
   150 | D:2      | Reached XP level 3. HP: 26/33 MP: 3/3
   309 | D:3      | Noticed Natasha
   326 | D:3      | Killed Natasha
   326 | D:3      | Reached skill level 4 in Maces & Flails
   326 | D:3      | Reached XP level 4. HP: 29/40 MP: 4/4
   351 | D:3      | Noticed Ijyb
   385 | D:3      | Killed Ijyb
   421 | D:3      | Reached skill level 5 in Maces & Flails
   483 | D:4      | Reached XP level 5. HP: 29/46 MP: 5/5
   649 | D:4      | Noticed Blork the orc
   666 | D:4      | Killed Blork the orc
   666 | D:4      | Reached skill level 6 in Maces & Flails
   707 | D:4      | Reached XP level 6. HP: 33/55 MP: 4/4
   758 | D:4      | Noticed a slave
   759 | D:4      | Noticed a slave
   760 | D:4      | Noticed a slave
   761 | D:4      | Noticed Pikel
   806 | D:4      | Killed a slave
   809 | D:4      | Killed a slave
   819 | D:4      | Killed a slave
   827 | D:4      | Noticed a slave
   831 | D:4      | Killed a slave
   842 | D:4      | Killed Pikel
   842 | D:4      | Reached skill level 8 in Maces & Flails
   842 | D:4      | Reached XP level 7. HP: 28/61 MP: 5/5
  1599 | D:4      | Found a shattered altar of Ashenzari.
  1622 | D:5      | Entered Level 5 of the Dungeon
  1735 | D:5      | Reached skill level 9 in Maces & Flails
  1768 | D:5      | Found a glowing drain.
  1802 | Sewer    | Entered a sewer
  2070 | Sewer    | Reached XP level 8. HP: 61/68 MP: 5/5
  2748 | D:5      | Reached skill level 10 in Maces & Flails
  2810 | D:5      | Paralysed by fainting for 8 turns
  2856 | D:5      | Found a staircase to the Ecumenical Temple.
  2865 | Temple   | Entered the Ecumenical Temple
  3543 | D:3      | Noticed Natasha
  3547 | D:3      | Killed Natasha
  3775 | D:3      | Noticed Robin
  3808 | D:3      | Killed Robin
  3861 | D:3      | Noticed Natasha
  3869 | D:3      | Killed Natasha
  3976 | D:3      | Found a shadowy altar of Dithmenos.
  4453 | D:2      | Found a burning altar of Makhleb.
  4462 | D:2      | Became a worshipper of Makhleb the Destroyer
  4713 | D:2      | Found a runed door.
  4717 | D:2      | Noticed Crazy Yiuf
  4720 | D:2      | Killed Crazy Yiuf
  5248 | D:1      | Reached * piety under Makhleb
  5390 | D:1      | Reached skill level 11 in Maces & Flails
  5947 | D:6      | Noticed Hasart's ghost (novice DsGl)
  5962 | D:6      | Killed Hasart's ghost
  5962 | D:6      | Gained mutation: You passively map the area around you. [Deep Dwarf growth]
  5962 | D:6      | Reached XP level 9. HP: 32/74 MP: 6/6
  6027 | D:6      | Reached skill level 12 in Maces & Flails
  6035 | D:6      | Found a stormy altar of Qazlal.
  6330 | D:6      | Found a glowing golden altar of the Shining One.
  6481 | D:7      | Reached ** piety under Makhleb
  6494 | D:7      | Noticed Menkaure
  6506 | D:7      | Killed Menkaure
  6512 | D:7      | Reached skill level 13 in Maces & Flails
  6801 | D:7      | Noticed Barriton's ghost (novice MiFi)
  6813 | D:7      | Killed Barriton's ghost
  6813 | D:7      | Reached XP level 10. HP: 47/81 MP: 6/6
  6814 | D:7      | Reached skill level 14 in Maces & Flails
  7240 | D:8      | Reached skill level 1 in Invocations
  7309 | D:8      | Noticed a two-headed ogre
  7342 | D:8      | Killed a two-headed ogre
  7367 | D:8      | Noticed a two-headed ogre
  7376 | D:8      | Killed a two-headed ogre
  7376 | D:8      | Reached skill level 5 in Armour
  7406 | D:8      | Reached *** piety under Makhleb
  7432 | D:8      | Reached skill level 5 in Invocations
  7547 | D:8      | Got a jewelled shield
  7558 | D:8      | Identified the +1 shield "Nuamiod" {rN+ MP+9} (You found it on level 8 of the Dungeon)
  7671 | D:8      | Found a stormy altar of Qazlal.
  7972 | D:8      | Noticed a two-headed ogre
  7992 | D:8      | Killed a two-headed ogre
  8284 | D:9      | Reached **** piety under Makhleb
  8284 | D:9      | Reached XP level 11. HP: 59/88 MP: 9/9
  8356 | D:9      | Found a flagged portal.
  8363 | Bailey   | Entered a bailey
  8484 | Bailey   | Noticed an orc knight
  8487 | Bailey   | Reached ***** piety under Makhleb
  8499 | Bailey   | Killed an orc knight
  8649 | Bailey   | Noticed an orc knight
  8649 | Bailey   | Noticed an orc warlord
  8651 | Bailey   | Noticed an orc knight
  8651 | Bailey   | Noticed an orc knight
  8674 | Bailey   | Mangled by an orc warlord

Vault maps used:
D:1:      dpeg_arrival_rhombus
D:2:      lemuel_crystal_altar, uniq_crazy_yiuf_cottage, uniq_terence
D:3:      serial_glass, glass_columns_a, glass_columns_c, glass_columns_b,
          glass_columns_b, glass_columns_a, glass_columns_a, glass_columns_c,
          glass_columns_b, first_bread,
          nicolae_dithmenos_through_a_glass_darkly, uniq_ijyb, uniq_robin,
          uniq_natasha
D:4:      mumra_celtic_spiral_tile, lemuel_crystal_altar, uniq_blork_the_orc,
          uniq_pikel
D:5:      minmay_temple_entry_hall, cheibrodos_sewer_entry_sluice
D:6:      tso_oasis_becter, basic_altar, kennysheep_generic_room_13
D:7:      uniq_menkaure
D:8:      blue_anna_alchemist, grunt_qazlal_clouds
D:9:      nicolae_ru_great_annihilating_truth, due_lair_maze_entry_diamond,
          hiddenorc1_lemuel, enter_bailey_3
Temple:   dpeg_five_rooms_temple
Sewer:    sewer_frog_island_01
Bailey:   bailey_axe_minmay_hex_keep, bailey

Skill      XL: |  1  2  3  4  5  6  7  8  9 10 11 |
---------------+----------------------------------+-----
Maces & Flails | 3 4 5 6 8 9 11 13 14 | 14.8
Invocations    | 6 7 |  7.5
Armour         | 6 7 |  7.1
Fighting       | |  2.6
Shields        | |  3.2

Action                   |  1- 3 |  4- 6 |  7- 9 | 10-12 || total
-------------------------+-------+-------+-------+-------++-------
Melee: Flail             |    49 |   124 |       |       ||   173
       Whip              |       |       |   510 |       ||   510
       Morningstar       |       |       |    23 |   356 ||   379
Invok: Lesser Servant of |       |       |       |     5 ||     5
 Abil: Heal Wounds       |       |     5 |     7 |    10 ||    22
  Use: Scroll            |       |     2 |     8 |     1 ||    11
       Potion            |       |     1 |     2 |     1 ||     4
  Eat: Bread ration      |       |       |     1 |       ||     1
       Chunk             |       |       |    10 |     6 ||    16
       Meat ration       |       |       |     1 |       ||     1
Armor: Scale mail        |    29 |    52 |   181 |   125 ||   387
Dodge: Dodged            |    13 |    31 |   128 |    92 ||   264
Block: Shield            |    19 |    66 |   228 |   214 ||   527

Table legend:
 A = Spawn XP
 B = Non-spawn XP
 C = Spawn XP percentage of total XP
 D = Spawn monster count
 E = Non-spawn monster count
 F = Spawn count percentage of total count
 G = Total turns spent on level
                    A         B        C        D         E        F      G
               +---------+---------+-------+---------+---------+-------+---------
         Total |       0 |   13080 |   0.0 |       0 |     294 |   0.0 |  8674
               +---------+---------+-------+---------+---------+-------+---------
           D:1 |       0 |      64 |   0.0 |       0 |      33 |   0.0 |   647
           D:2 |       0 |     134 |   0.0 |       0 |      19 |   0.0 |   963
           D:3 |       0 |     261 |   0.0 |       0 |      40 |   0.0 |  1107
           D:4 |       0 |     933 |   0.0 |       0 |      17 |   0.0 |  1288
           D:5 |       0 |     639 |   0.0 |       0 |      25 |   0.0 |   977
           D:6 |       0 |    1209 |   0.0 |       0 |      12 |   0.0 |   530
           D:7 |       0 |    2318 |   0.0 |       0 |      23 |   0.0 |   685
           D:8 |       0 |    4531 |   0.0 |       0 |      35 |   0.0 |   964
           D:9 |       0 |    1394 |   0.0 |       0 |      24 |   0.0 |   179
         Sewer |       0 |     239 |   0.0 |       0 |      19 |   0.0 |   779
        Bailey |       0 |    1358 |   0.0 |       0 |      47 |   0.0 |   311
               +---------+---------+-------+---------+---------+-------+---------
